 Dungeon Crawl Stone Soup version 0.27-a0-1590-g15f69828bf (webtiles) character file.

Game seed: 16181323779665608619

17033 duskshroud the Grappler (level 12, -5/123 HPs)
             Began as a Troll Fighter on July 19, 2021.
             Was a Believer of Ashenzari.
             Slain by an entropy weaver (14 damage)
             ... on level 3 of the Lair of Beasts.
             The game lasted 00:50:43 (10009 turns).

duskshroud the Grappler (Troll Fighter)            Turns: 10009, Time: 00:50:43

Health: -5/123     AC:  4    Str: 27    XL:     12   Next: 15%
Magic:  11/11      EV: 11    Int:  4    God:    Ashenzari [**....]
Gold:   305        SH: 17    Dex: 13    Spells: 11/11 levels left

rFire    + . .     SeeInvis +     - Unarmed
rCold    + . .     Faith    .   b - +0 kite shield of the Elysian Sage {Comp, Elem} (curse)
rNeg     . . .     Spirit   .   a - +0 robe of Cremastomancy {Comp, Cun} (curse)
rPois    .         Reflect  +   (helmet restricted)
rElec    .         Harm     .   s - scarf of the Eye in the Sky {rC+ rF+, Range, Fort} (curse)
rCorr    +         Rampage  .   (gloves unavailable)
Will     .....                  (boots unavailable)
Stlth    +.........             c - amulet of reflection
HPRegen  1.30/turn              z - ring of resist corrosion
MPRegen  0.12/turn              m - ring of see invisible

@: no status effects
A: large, unfitting armour, claws 3, regeneration 1, shaggy fur 1, tough skin 1
a: Renounce Religion, Shatter the Chains


You were on level 3 of the Lair of Beasts.
You worshipped Ashenzari.
Ashenzari was pleased with you.
You visited 3 branches of the dungeon, and saw 14 of its levels.
You also visited: Sewer.

You collected 479 gold pieces.
You spent 174 gold pieces at shops.

Inventory:

Hand Weapons
 k - a +0 flail
 B - the +11 rapier of Sorurrapt {drain, Will+}
   (You found it on level 4 of the Dungeon)

   A truly terrible weapon, it drains the life of any living foe it strikes.
   Will:      It increases your willpower.
 D - a +1 flail of protection
Missiles
 d - 5 large rocks (quivered)
 p - 61 poisoned darts
 v - 2 javelins
 L - 3 curare-tipped darts
Armour
 a - the cursed +0 robe of Cremastomancy (worn) {Comp, Cun}

   It has a curse which improves the following skills: Companions: Summonings
   and Necromancy.
   Cunning:   Dodging and Stealth.
 b - the cursed +0 kite shield of the Elysian Sage (worn) {Comp, Elem}

   It has a curse which improves the following skills: Companions: Summonings
   and Necromancy.
   Elements:  Fire Magic, Ice Magic, Air Magic and Earth Magic.
 s - the cursed scarf of the Eye in the Sky (worn) {rC+ rF+, Range, Fort}
   (You found it on level 10 of the Dungeon)

   It has a curse which improves the following skills: Ranged Combat: Slings,
   Bows, Crossbows and Throwing.
   Fortitude: Armour and Shields.
 E - a +2 cloak
Jewellery
 c - an amulet of reflection (around neck)
 m - a ring of see invisible (right claw)
 z - a ring of resist corrosion (left claw)
Wands
 h - a wand of polymorph (7)
 l - a wand of digging (3)
 x - a wand of iceblast (13)
 y - a wand of mindburst (8)
Scrolls
 i - a scroll of teleportation
 o - a scroll of blinking
 w - a scroll of fear
 G - a scroll of acquirement
 K - a scroll of magic mapping
Potions
 f - a potion of haste
 g - 8 potions of heal wounds
 j - 4 potions of brilliance
 n - 2 potions of resistance
 r - 11 potions of curing
 t - 5 potions of ambrosia
 u - 2 potions of flight
 H - 3 potions of might
 I - 5 potions of magic
 J - 2 potions of cancellation
Miscellaneous
 e - a phial of floods
 q - a box of beasts


   Skills:
 + Level 9.3 Fighting
 + Level 5.3(6.7) Throwing
 + Level 4.0(5.4) Dodging
 - Level 8.3(9.8) Shields
 * Level 12.3 Unarmed Combat


You had 11 spell levels left.
You didn't know any spells.
Your spell library contained the following spells:

 Spells                   Type           Power      Damage    Failure   Level
 Animate Skeleton         Necr           0%         N/A       45%         1
 Summon Small Mammal      Summ           0%         N/A       45%         1
 Apportation              Tloc           0%         N/A       50%         1
 Corona                   Hex            0%         N/A       50%         1
 Sublimation of Blood     Necr           0%         N/A       61%         2
 Corpse Rot               Necr/Air       N/A        N/A       63%         2
 Stone Arrow              Conj/Erth      0%         3d7       86%         3
 Animate Dead             Necr           0%         N/A       99%         4
 Dispel Undead            Necr           0%         3d6       99%         4
 Petrify                  Tmut/Erth      0%         N/A       99%         4
 Bolt of Magma            Conj/Fire/Erth 0%         4d4       100%        5
 Borgnjor's Vile Clutch   Necr/Erth      0%         N/A       100%        5
 Irradiate                Conj/Tmut      0%         3d13      100%        5
 Death Channel            Necr           0%         N/A       100%        6
 Shatter                  Erth           0%         3d5*      100%        9


Dungeon Overview and Level Annotations

Branches:
Dungeon (10/15)            Temple (1/1) D:7            Lair (3/6) D:8
 Shoals (0/4) Lair:3       Spider (0/4) Lair:3        Sewer (visited)
    Orc: D:9-12

Altars:
Ashenzari
Cheibriados
Dithmenos
Elyvilon
Fedhas
Gozag
Hepliaklqana
Kikubaaqudgha
Makhleb
Nemelex Xobeh
Okawaru
Qazlal
Ru
Sif Muna
Trog
Uskayaw
Vehumet
Xom
Yredelemnul
Zin
The Shining One

Shops:
D:2 :   D:5 !   D:7 *   D:9 :[

Annotations:
Lair:1 exclusion: 2 oklob plants
Lair:2 Erica


Innate Abilities, Weirdness & Mutations

You are too large for most types of armour.
You have claws for hands.
Your natural rate of healing is unusually fast.
You are covered in fur. (AC +1)
You have tough skin. (AC +1)


Message History

You kill the fire crab!
Your base Dodging skill increases to level 4!
You block the entropy weaver's attack. x3; The entropy weaver hits you!
The entropy weaver hits you. The entropy weaver barely misses you.
The entropy weaver hits you!
The entropy weaver hits you but does no damage.
You see here a fire crab corpse.
You barely miss the entropy weaver. You closely miss the entropy weaver.
The entropy weaver hits you! The entropy weaver closely misses you.
The entropy weaver hits you. You block the entropy weaver's attack.
You scratch the entropy weaver.
The entropy weaver is lightly wounded.
The entropy weaver hits you but does no damage.
The entropy weaver completely misses you.
The entropy weaver hits you! x2
You completely miss the entropy weaver.
The entropy weaver is lightly wounded.
The entropy weaver hits you. x2; The entropy weaver hits you!
You block the entropy weaver's attack.
You miss the entropy weaver.
The entropy weaver is lightly wounded.
The entropy weaver hits you!
* * * LOW HITPOINT WARNING * * *
The entropy weaver hits you!
* * * LOW HITPOINT WARNING * * *
You block the entropy weaver's attack. x2
A fire crab comes into view.
You closely miss the entropy weaver.
The entropy weaver is lightly wounded.
You block the entropy weaver's attack. The entropy weaver barely misses you.
The entropy weaver hits you!
* * * LOW HITPOINT WARNING * * *
The entropy weaver hits you but does no damage.
You miss the entropy weaver.
The entropy weaver is lightly wounded.
The entropy weaver hits you!
* * * LOW HITPOINT WARNING * * *
The entropy weaver hits you!
You die...

*, #.#### ###*, * **
*{#.#..# #.#*{* ,
#.#.#### .### * **
,#.#..#.# ...#, , ,
#.#...## ..##,*, * *
*{#.#....## ...#{ ,,
, #.#.....# .#.#,
########÷#....## #
#### ,{
.t..÷.B@.#....## ##
# *
**##########.....#
##. ##
######.#..........##
#.. P###
#.##.......#†###.##
###.
.#.###.#....##...##
###


#PPP ..#........#####..## ##P.. ......##.### #.#..##### ##.... ...^..####
###.#..#.### #P.... ≈.#.### ###......# ###... You could see an entropy weaver
and a fire crab.

Vanquished Creatures
  2 fire crabs (Lair:3)
  A salamander (shapeshifter) (D:10)
  A black mamba (Lair:1)
  6 cane toads
  A rime drake (Lair:3)
  3 komodo dragons
  A kobold demonologist (D:9)
  A jumping spider (Lair:3)
  A queen bee (Lair:2)
  2 polar bears
  Grinder (D:5)
  3 blink frogs (Lair:3)
  4 redbacks (Lair:3)
  Sigmund (D:2)
  23 yaks
  A wyvern (Lair:3)
  A basilisk (Lair:2)
  Edmund (D:5)
  6 water moccasins
  4 black bears
  An ice beast (D:5)
  2 orc warriors (D:9)
  An ogre (D:4)
  4 centaurs
  2 necrophages
  5 wolves
  6 kobold brigands
  7 bullfrogs
  4 scorpions
  A wyvern zombie (D:7)
  A wyvern skeleton (D:7)
  A water moccasin skeleton (D:5)
  39 killer bees
  4 wights
  A bullfrog zombie (D:6)
  2 centaur skeletons
  A centaur zombie (D:8)
  An orc priest (D:3)
  A bullfrog skeleton (D:5)
  5 hounds
  3 iguanas
  Jessica (D:3)
  Ijyb (D:5)
  Terence (D:2)
  4 orc wizards
  Natasha (thrice) (D:2)
  A killer bee zombie (D:7)
  A mummy (D:8)
  A hound skeleton (D:5)
  Robin (D:3)
  6 adders
  A shadow imp (D:4)
  A white imp (D:7)
  An ufetubus (D:7)
  2 dart slugs (D:3)
  17 orcs
  5 ball pythons
  10 bats
  7 endoplasms
  A giant cockroach (Sewer)
  12 goblins
  8 hobgoblins
  8 jackals
  3 quokkas
  3 frilled lizards
  26 kobolds
  7 rats
288 creatures vanquished.

Vanquished Creatures (others)
  An orc (D:5)
  5 fungi
  11 plants
17 creatures vanquished.

Grand Total: 305 creatures vanquished

Notes
Turn   | Place    | Note
-------+----------+-------------------------------------------
     0 | D:1      | duskshroud the Troll Fighter began the quest for the Orb.
     0 | D:1      | Reached XP level 1. HP: 22/22 MP: 0/0
   122 | D:1      | Reached XP level 2. HP: 29/29 MP: 1/1
   262 | D:1      | Reached skill level 3 in Unarmed Combat
   280 | D:1      | Found a faded altar of an unknown god.
   712 | D:2      | Noticed Terence
   722 | D:2      | Killed Terence
   723 | D:2      | Reached skill level 4 in Unarmed Combat
   723 | D:2      | Reached XP level 3. HP: 17/36 MP: 2/2
   853 | D:2      | Noticed Sigmund
  1060 | D:3      | Noticed a kobold brigand
  1107 | D:3      | Killed a kobold brigand
  1108 | D:3      | Reached skill level 5 in Unarmed Combat
  1108 | D:3      | Reached XP level 4. HP: 16/44 MP: 3/3
  1334 | D:3      | Reached XP level 5. HP: 28/50 MP: 4/4
  1366 | D:3      | Noticed Jessica
  1383 | D:3      | Killed Jessica
  1925 | D:3      | Noticed Robin
  1938 | D:3      | Killed Robin
  1959 | D:4      | Noticed an ogre
  1965 | D:3      | Reached skill level 6 in Unarmed Combat
  1965 | D:3      | Reached XP level 6. HP: 51/59 MP: 5/5
  2268 | D:4      | You fall into a shaft and drop 3 floors!
  2276 | D:7      | Reached skill level 7 in Unarmed Combat
  2286 | D:7      | Reached XP level 7. HP: 35/66 MP: 6/6
  2771 | D:5      | Entered Level 5 of the Dungeon
  2801 | D:5      | Reached skill level 8 in Unarmed Combat
  2813 | D:5      | Noticed Grinder
  2897 | D:4      | Identified the +11 rapier of Sorurrapt {drain, Will+}
  3054 | D:5      | Noticed Edmund
  3059 | D:5      | Killed Edmund
  3080 | D:5      | Reached XP level 8. HP: 75/75 MP: 7/7
  3139 | D:5      | Found an opulent altar of Gozag.
  3177 | D:5      | Noticed Ijyb
  3186 | D:5      | Killed Ijyb
  3234 | D:5      | Found a glowing drain.
  3243 | Sewer    | Entered a sewer
  3288 | Sewer    | Reached skill level 9 in Unarmed Combat
  3584 | D:5      | Killed Grinder
  3703 | D:5      | Found Doseum's Distillery.
  3714 | D:5      | Bought a potion of heal wounds for 55 gold pieces
  3714 | D:5      | Bought a potion of curing for 33 gold pieces
  3714 | D:5      | Bought 2 potions of curing for 66 gold pieces
  3781 | D:2      | Killed Sigmund
  3782 | D:2      | Reached skill level 10 in Unarmed Combat
  3861 | D:2      | Found Hoemogel's Book Boutique.
  3875 | D:2      | Noticed Natasha
  3885 | D:2      | Killed Natasha
  3886 | D:2      | Reached XP level 9. HP: 85/85 MP: 8/8
  4149 | D:2      | Noticed Natasha
  4155 | D:2      | Killed Natasha
  4226 | D:2      | Noticed Natasha
  4232 | D:2      | Killed Natasha
  4427 | D:6      | Reached skill level 5 in Shields
  4454 | D:6      | Reached skill level 1 in Throwing
  4525 | D:6      | You fall into a shaft and drop 2 floors!
  4565 | D:8      | Reached skill level 5 in Fighting
  5490 | D:7      | Found Zuegi's General Store.
  5498 | D:7      | Bought a scroll of identify for 20 gold pieces
  5557 | D:7      | Found a staircase to the Ecumenical Temple.
  5616 | Temple   | Entered the Ecumenical Temple
  5879 | Temple   | Became a worshipper of Ashenzari the Shackled
  5879 | Temple   | Identified a scroll of acquirement
  6026 | D:8      | Found a radiant altar of Vehumet.
  6116 | D:8      | Reached XP level 10. HP: 84/98 MP: 9/9
  6170 | D:8      | Found a blossoming altar of Fedhas.
  6216 | D:8      | Found a staircase to the Lair.
  6543 | D:9      | Found Eroleqau's Armour Emporium.
  6873 | D:9      | Found Bisagyna's Book Emporium.
  7129 | D:10     | Entered Level 10 of the Dungeon
  7231 | D:10     | Noticed a salamander
  7231 | D:10     | a troll changed into a salamander
  7246 | D:10     | Killed a salamander
  7306 | Lair:1   | Entered Level 1 of the Lair of Beasts
  7333 | Lair:1   | Noticed a black mamba
  7348 | Lair:1   | Killed a black mamba
  7436 | Lair:1   | Reached XP level 11. HP: 109/111 MP: 10/10
  7567 | Lair:1   | Reached * piety under Ashenzari
  7876 | Lair:1   | Noticed an oklob plant
  7881 | Lair:1   | Noticed an oklob plant
  8277 | Lair:2   | Noticed Erica
  8898 | Lair:2   | Reached skill level 11 in Unarmed Combat
  8956 | Lair:3   | Found a hole to the Spider Nest.
  9001 | Lair:2   | Reached ** piety under Ashenzari
  9219 | Lair:3   | Found a runed translucent door.
  9226 | Lair:3   | Noticed a fire crab
  9461 | Lair:3   | Reached skill level 12 in Unarmed Combat
  9559 | Lair:3   | Found a staircase to the Shoals.
  9570 | Lair:3   | Reached skill level 5 in Throwing
  9690 | Lair:3   | Reached XP level 12. HP: 119/123 MP: 11/11
  9996 | Lair:3   | Noticed an entropy weaver
 10009 | Lair:3   | Slain by an entropy weaver

Illustrated notes

Levels and vault maps discovered:
D:1:      minmay_arrival_radiant_lines, layout_basic,
          chequers_ecumenical_altar_simple_redux
D:2:      layout_rooms, serial_shops,
          nicolae_shop_temple_entry_statues_fountains, minmay_door_square,
          uniq_natasha, uniq_sigmund, uniq_terence
D:3:      cheibrodos_thug_alley, layout_basic, solitary_fountain, uniq_jessica,
          uniq_robin
D:4:      layout_rooms, serial_bayou_ford_a
D:5:      layout_rooms, grunt_gozag_breadcrumbs, serial_shops, shop_fountains,
          portal_sewer_entry_d, uniq_edmund, uniq_grinder, uniq_ijyb
D:6:      layout_loops_corners, minmay_fractal_squares_gapless_5
D:7:      layout_loops_corners, minmay_temple_entry_trees, serial_shops,
          nicolae_shop_crystal, minmay_misc_feat_columns
D:8:      layout_loops_ring, fedhas_altar_fruit_tree,
          mainiacjoe_overflow_alcove_1, lair_entry_dummy, serial_undead,
          serial_undead_c, serial_undead_b, serial_undead_a, serial_undead_e
D:9:      layout_rooms, serial_shops, shop, nicolae_square_shop
D:10:     minmay_the_grid_octo_tiled_octocenter
          [minmay_the_grid_octo_tetromino_candy, minmay_the_grid_octo_pinwheel,
          minmay_the_grid_octo_horde, minmay_the_grid_octo_77,
          minmay_the_grid_octo_prize_ultimate_mussel_roller,
          minmay_the_grid_square_5x5_minibox, minmay_the_grid_square_5x5_empty,
          minmay_the_grid_square_5x5_two_walls_a,
          minmay_the_grid_square_5x5_seven], layout_irregular_city,
          nicolae_wu_jian_wuxing_cycle
Temple:   dpeg_five_rooms_temple
Lair:1:   layout_roguey, minmay_lair_oklob_chamber
Lair:2:   layout_roguey [special_room_bee], kennysheep_rathole, uniq_erica
Lair:3:   gammafunk_mikee_crab_dinner, layout_cave_pods,
          elwin_shoals_entry_rocks, nicolae_spider_entry_tight_spaces,
          infiniplex_staircase_pool_2

Skill      XL: |  1  2  3  4  5  6  7  8  9 10 11 12 |
---------------+-------------------------------------+-----
Unarmed Combat | 4 5 6 7 8 10 12 | 12.3
Shields        | 3 4 6 8 |  8.3
Fighting       | 3 4 6 7 9 |  9.3
Throwing       | 3 4 5 |  5.3
Dodging        | 3 4 |  4.0

Action                   |  1- 3 |  4- 6 |  7- 9 | 10-12 || total
-------------------------+-------+-------+-------+-------++-------
Melee: Unarmed           |    90 |   122 |   273 |   505 ||   990
Throw: Dart              |       |       |    15 |       ||    15
       Large rock        |       |       |       |     3 ||     3
Invok: Curse Item        |       |       |       |     3 ||     3
  Use: Potion            |       |     1 |       |     2 ||     3
       Scroll            |       |       |     6 |     1 ||     7
 Stab: Sleeping          |     2 |       |     1 |       ||     3
       Distracted        |       |       |       |     1 ||     1
Armor: Robe              |    37 |    30 |    48 |    75 ||   190
Dodge: Dodged            |    23 |    49 |    87 |   137 ||   296
Block: Kite shield       |    34 |    55 |   125 |   419 ||   633

Table legend: (Time is in decaauts)
 A = Elapsed time spent in this place.
 B = Non-inter-level travel time spent in this place.
 C = Inter-level travel time spent in this place.
 D = Time resting spent in this place.
 E = Time spent auto-exploring this place.
 F = Levels seen in this place.
 G = Mean time per level.
                   A        B        C        D        E       F      G
               +--------+--------+--------+--------+--------+-----+--------+
         Total |  10025 |   9492 |    533 |    680 |   4848 |  15 |  668.3 |
       Dungeon |   6786 |   6372 |    414 |    386 |   3321 |  10 |  678.6 |
        Temple |    312 |    233 |     79 |      0 |    204 |   1 |  312.0 |
          Lair |   2559 |   2519 |     40 |    259 |   1282 |   3 |  853.0 |
         Sewer |    366 |    366 |      0 |     35 |     39 |   1 |  366.0 |
               +--------+--------+--------+--------+--------+-----+--------+

Top non-repeatable levels by time:
     D:3: 1194 daAuts
     D:7: 1030 daAuts
     D:8: 1014 daAuts
  Lair:3: 1006 daAuts
  Lair:2: 786 daAuts
  Lair:1: 766 daAuts
     D:2: 703 daAuts
     D:9: 668 daAuts
     D:1: 660 daAuts
     D:5: 596 daAuts
     D:4: 505 daAuts
   Sewer: 366 daAuts
  Temple: 312 daAuts
     D:6: 254 daAuts
    D:10: 157 daAuts
